 Dungeon Crawl Stone Soup version bcrawl-1.31 (webtiles) character file.

Game seed: 15538912835169343843

172905 AtilaTheSponge the Destroyer (level 5, -1/28 HPs)
             Began as an Avariel Conjurer on Mar 25, 2021.
             Slain by Grinder (4 damage)
             ... on level 3 of the Dungeon.
             The game lasted 00:08:45 (2056 turns).

AtilaTheSponge the Destroyer (Avariel Conjurer)     Turns: 2056, Time: 00:08:46

Health: -1/28      AC:  2    Str:  6    XL:     5   Next: 53%
Magic:  1/12       EV: 12    Int: 22    God:
Gold:   85         SH:  0    Dex: 13    Spells: 5/11 levels left

rFire    . . .     SeeInvis .     - Fists (2.4)
rCold    . . .     Gourm    .   (no shield)
rNeg     . . .     Faith    .   a - +0 robe
rPois    .         Spirit   .   (no helmet)
rElec    .         Reflect  .   (no cloak)
rCorr    .         Harm     .   (no gloves)
MR       .....                  (no boots)
Stlth    ++........             (no amulet)
HPRegen  0.09/turn              (no ring)
MPRegen  0.13/turn              (no ring)

@: no status effects
A: no striking features
a: no special abilities


You were on level 3 of the Dungeon.
You were not hungry.

You visited 1 branch of the dungeon, and saw 3 of its levels.

You collected 85 gold pieces.

Inventory:

Armour
 a - a +0 robe (worn)
 h - a +1 cloak
 m - a +0 robe
Jewellery
 r - an uncursed amulet of magic regeneration {unknown}
Scrolls
 d - 2 scrolls of fog {unknown}
 f - 2 scrolls of enchant armour {unknown}
 i - 4 scrolls of identify
 j - a scroll of teleportation {unknown}
 n - a scroll of magic mapping {unknown}
 p - a scroll of noise {unknown}
 q - a scroll of enchant weapon {unknown}
 s - a scroll of blinking {unknown}
Potions
 b - 5 potions of flight {unknown}
 c - a potion of magic
 g - a potion of haste {unknown}
 k - a potion of degeneration {unknown}
 l - a potion of heal wounds {unknown}
 o - a potion of invisibility {unknown}
 u - a potion of lignification {unknown}
Comestibles
 e - 5 rations {!d}
 t - 3 chunks of flesh


   Skills:
 + Level 2.4 Dodging
 - Level 2.2 Stealth
 + Level 3.8 Spellcasting
 + Level 8.1 Conjurations


You had 5 spell levels left.
You knew the following spells:

 Your Spells              Type           Power        Failure   Level  Hunger
a - Magic Dart            Conj           ####         1%          1    None
b - Searing Ray           Conj           #####...     1%          2    None
c - Iskenderun's Mystic   Conj           #####...     1%          3    ###....

Your spell library contained the following spells:

 Spells                   Type           Power        Failure   Level  Hunger
 Fulminant Prism          Conj/Hex       ###.......   22%         4    #####..
 Irradiate                Conj/Tmut      ###.......   52%         5    ######.


Dungeon Overview and Level Annotations

Branches:
Dungeon (3/12)

Altars:

Annotations:
D:3 Grinder, Robin


Message History

Casting: Searing Ray (safe; 1% risk of failure)
Confirm with . or Enter, or press ? or * to list all spells.
Aiming: Searing Ray (safe; 1% risk of failure)
Press: ? - help, Shift-Dir - straight line, f/p - Robin
Aim: Robin, wielding a +0 short sword, wearing a +2 animal skin and wearing a +0 helmet (lightly wounded, berserk, fast, unusually strong)
The searing ray hits Grinder.
Grinder is moderately wounded. (Press . to maintain the ray.) Grinder says, "Don't move a muscle."
Grinder gestures at you.
You shrug off the repeated paralysis!
A kobold comes into view. It is wielding a +0 short sword.
Robin rages.
Robin rages.
An orc comes into view.
You hear a shout!
Grinder hits you.
* * * LOW HITPOINT WARNING * * *
You writhe in agony.
You die...

#.####...........##.
##go.
...............
#.Kg#
#...........##. #.#
####...##..##. #g#
#...##..... #g#
###...####### #g#
#......#
##5#####รท##.#.#
#..@...#.##.#.#
###.##.#....#.#
###...#.#.()...#
#.......#......#
#.....>........###
#.#..#............
#...(..(........##
#...##..........#
#...###....###..#


You could see Grinder, Robin (berserk), an orc, 4 goblins and a kobold.

Vanquished Creatures
  A sky beast (D:2)
  An adder (D:3)
  2 worms
  3 dart slugs
  3 leopard geckos
  2 ball pythons
  7 bats
  3 giant cockroaches
  8 goblins
  3 hobgoblins
  8 jackals
  A quokka (D:2)
  4 frilled lizards
  11 kobolds
  6 rats
63 creatures vanquished.

Notes
Turn   | Place    | Note
-------+----------+-------------------------------------------
     0 | D:1      | AtilaTheSponge the Avariel Conjurer began the quest for the
                  | Orb.
     0 | D:1      | Reached XP level 1. HP: 10/10 MP: 6/6
    73 | D:1      | Reached XP level 2. HP: 15/15 MP: 5/7
   114 | D:1      | Reached skill level 6 in Conjurations
   338 | D:1      | Learned a level 2 spell: Searing Ray
   378 | D:1      | Reached XP level 3. HP: 19/19 MP: 4/9
   624 | D:2      | Noticed a sky beast
   636 | D:2      | Killed a sky beast
   637 | D:2      | Reached skill level 7 in Conjurations
   637 | D:2      | Reached XP level 4. HP: 16/24 MP: 0/11
   637 | D:2      | Reached XP level 5. HP: 19/28 MP: 0/12
  1776 | D:3      | Learned a level 3 spell: Iskenderun's Mystic Blast
  1955 | D:3      | Reached skill level 8 in Conjurations
  2041 | D:3      | Noticed Robin
  2042 | D:3      | Noticed Grinder
  2048 | D:3      | Paralysed by Grinder for 4 turns
  2056 | D:3      | Slain by Grinder

Skill      XL: |  1  2  3  4  5 |
---------------+----------------+-----
Conjurations   | 6 7 8 |  8.1
Spellcasting   | 3 |  3.8
Dodging        | |  2.4
Stealth        | |  2.2

Action                   |  1- 3 |  4- 6 || total
-------------------------+-------+-------++-------
Melee: Unarmed           |     6 |     2 ||     8
 Cast: Magic Dart        |    43 |    45 ||    88
       Searing Ray       |     3 |    13 ||    16
       Iskenderun's Myst |       |     4 ||     4
  Eat: Chunk             |       |     6 ||     6
Armor: Robe              |     2 |     5 ||     7
Dodge: Dodged            |    10 |     6 ||    16
